 Dungeon Crawl Stone Soup version 0.29-a0-459-g97dee8cd24 (webtiles) character file.

Game seed: 3974630242960746873

185060 testman the Bludgeoner (level 17, -5/185 HPs)
             Began as a Troll Berserker on May 18, 2022.
             Was a High Priest of Trog.
             Slain by a ghost moth (11 damage)
             ... on level 4 of the Spider Nest on May 20, 2022.
             The game lasted 02:28:04 (28723 turns).

testman the Bludgeoner (Troll Berserker)           Turns: 28723, Time: 02:28:05

Health: -5/185     AC: 12    Str: 40 (42) XL:     17   Next: 80%
Magic:  1/25       EV: 13    Int:  8 (11) God:    Trog [*****.]
Gold:   1093       SH:  0    Dex: 12 (16) Spells: 16/16 levels left

rFire   + + +      SeeInvis .   X - +6 giant club of the Middle {vorpal, Str+3 Dex+3}
rCold   + . .      Faith    .   (shield currently unavailable)
rNeg    . . .      Spirit   .   q - +4 robe of Augmentation {Str+4 Int+4 Dex+4}
rPois   +          Reflect  .   (helmet restricted)
rElec   +          Harm     .   l - scarf {repulsion}
rCorr   .          Rampage  .   (gloves unavailable)
Will    +++..                   (boots unavailable)
Stlth   +.........              d - amulet of the Singing Gods {rElec rF+++ Regen+ MP+9 Int-3}
HPRegen 3.00/turn               N - ring "Plog" {rPois rC+ Int+7}
MPRegen 0.19/turn               Y - +4 ring of protection

@: strong-willed, on berserk cooldown, regenerating, slowed, glowing, invisible
(but backlit and visible), repel missiles, very slow
A: large, unfitting armour, claws 3, regeneration 1, shaggy fur 1, tough skin 1
a: Renounce Religion, Berserk, Trog's Hand, Brothers in Arms


You were on level 4 of the Spider Nest.
You worshipped Trog.
Trog was extremely pleased with you.
You visited 4 branches of the dungeon, and saw 27 of its levels.
You also visited: Sewer, Ossuary, Bailey, Gauntlet and Volcano.

You collected 3223 gold pieces.
You spent 2130 gold pieces at shops.

Inventory:

Hand Weapons
 X - the +6 giant club of the Middle (weapon) {vorpal, Str+3 Dex+3}
   (Trog gifted it to you on level 6 of the Lair of Beasts)

   It inflicts extra damage upon your enemies.
   Str:       It affects your strength (+3).
   Dex:       It affects your dexterity (+3).
 Z - a +0 giant spiked club
Missiles
 e - 27 large rocks (quivered)
 p - 643 stones
 r - 24 boomerangs
 B - 9 javelins
 E - 2 silver javelins
 F - 42 poisoned darts
 G - 3 silver boomerangs
 K - 2 throwing nets
 Q - 3 curare-tipped darts
Armour
 l - a scarf of repulsion (worn)
 q - the +4 robe of Augmentation (worn) {Str+4 Int+4 Dex+4}
   (You found it on level 2 of the Dungeon)

   Str:       It affects your strength (+4).
   Int:       It affects your intelligence (+4).
   Dex:       It affects your dexterity (+4).
Jewellery
 d - the amulet of the Singing Gods (around neck) {rElec rF+++ Regen+ MP+9 Int-3}
   (You bought it in a shop on level 11 of the Dungeon)

   [amulet of regeneration]

   Int:       It affects your intelligence (-3).
   rF:        It renders you almost immune to fire.
   rElec:     It insulates you from electricity.
   MP:        It affects your magic capacity (+9).
   Regen:     It increases your rate of health regeneration.
 N - the ring "Plog" (left claw) {rPois rC+ Int+7}
   (You found it on level 7 of the Dungeon)

   [ring of poison resistance]

   Int:       It affects your intelligence (+7).
   rC:        It protects you from cold.
   rPois:     It protects you from poison.
 Y - a +4 ring of protection (right claw)
Wands
 k - a wand of paralysis (17)
 m - a wand of polymorph (3)
 w - a wand of acid (2)
 C - a wand of charming (10)
 H - a wand of flame (47)
 M - a wand of digging (17)
 T - a wand of iceblast (22)
Scrolls
 a - a scroll of enchant armour
 h - 2 scrolls of fog
 s - a scroll of summoning
 t - 3 scrolls of poison
 y - 2 scrolls of brand weapon
 z - 14 scrolls of teleportation
 I - a scroll of magic mapping
 J - 2 scrolls of vulnerability
 R - 3 scrolls of immolation
 U - 4 scrolls of silence
 W - 2 scrolls of enchant weapon
Potions
 b - a potion of berserk rage
 c - 4 potions of haste
 f - a potion of cancellation
 i - 7 potions of flight
 j - 9 potions of curing
 n - 3 potions of ambrosia
 o - 9 potions of mutation
 x - 2 potions of resistance
 A - 7 potions of attraction
 D - 4 potions of might
 O - 6 potions of lignification
 V - a potion of invisibility
Miscellaneous
 g - a tin of tremorstones (2/2)
 v - a box of beasts


   Skills:
 + Level 15.7 Fighting
 + Level 17.0 Maces & Flails
 + Level 13.4 Throwing
 + Level 10.5 Dodging


You had 16 spell levels left.
You didn't know any spells.
Your spell library contained the following spells:

 Spells                   Type           Power      Damage    Failure   Level
 Slow                     Hex            0%         N/A       41%         1
 Confusing Touch          Hex            0%         N/A       78%         3
 Vampiric Draining        Necr           0%         2d6       78%         3
 Yara's Violent Unravell  Hex/Tmut       0%         3d3       100%        5
 Enfeeble                 Hex            0%         N/A       100%        7


Dungeon Overview and Level Annotations

Branches:
Dungeon (15/15)            Temple (0/1) D:6            Lair (6/6) D:9
 Shoals (0/4) Lair:3       Spider (4/4) Lair:3        Slime (0/5) Lair:6
    Orc (2/2) D:9             Elf (0/3) Orc:2        Vaults (0/5) D:14
 Depths (0/4) D:15          Sewer (visited)         Ossuary (visited)
 Bailey (visited)         Volcano (visited)         Gauntlet (visited)

Altars:
Ashenzari
Elyvilon
Fedhas
Gozag
Hepliaklqana
Nemelex Xobeh
Qazlal
Sif Muna
Vehumet
Wu Jian
Zin
Beogh

Shops:
D:2 =   D:6 (*   D:11 :=:*   Orc:1 *   Orc:2 [[(:=

Annotations:
Spider:4 3 runed translucent doors, Xucunouha's ghost, adept DsIE


Innate Abilities, Weirdness & Mutations

You are too large for most types of armour.
You have claws for hands.
Your natural rate of healing is unusually fast.
You are covered in fur. (AC +1)
You have tough skin. (AC +1)


Message History

Something hits you but does no damage. Something stings you!
* * * LOW HITPOINT WARNING * * *
You feel clumsy. The orb spider barely misses you.
Unknown command.
You bludgeon the orb spider!!
You kill the orb spider!
Trog accepts your kill.
You closely miss something. Something hits you.
* * * LOW HITPOINT WARNING * * *
You feel weakened. Something hits you!
* * * LOW HITPOINT WARNING * * *
You feel clumsy. Something stings you.
* * * LOW HITPOINT WARNING * * *
You feel dopey.
You feel much better. Something hits you!
* * * LOW HITPOINT WARNING * * *
Something hits you!
* * * LOW HITPOINT WARNING * * *
You feel dopey. Something stings you.
* * * LOW HITPOINT WARNING * * *
An emperor scorpion comes into view.
Something hits you but does no damage. Something hits you!
* * * LOW HITPOINT WARNING * * *
Something stings you.
* * * LOW HITPOINT WARNING * * *
The emperor scorpion misses you.
The emperor scorpion closely misses you.
The emperor scorpion claws you but does no damage.
As you read the scroll of summoning, it crumbles to dust.
Wisps of shadow whirl around you...
A ghost moth comes into view.
The ghost moth hits you!
* * * LOW HITPOINT WARNING * * *
The ghost moth hits you but does no damage.
The ghost moth stings you!
You die...

##.#^#≈....≈.#≈#.#^≈#.^....
#######^..###########†....
##.^...# ##.... #.≈≈..≈#
#.... ###^.≈### ###..
##≈##.##^## ##..
^#....^.ss≈## #...
#..≈s.s..s..# #.##
.^..#.≈y@y#.^.?# #... ..○
##.y.## ≈.≈. #... .. #####
... #... ≈ ≈! #... # #...
#... #... #.## ##..


You could see 2 emperor scorpions, a ghost moth (invisible, ally target), a
friendly sun moth (summoned), a friendly spark wasp (summoned), a friendly wolf
spider (summoned), a friendly jumping spider (summoned) and a friendly redback
(summoned).

Vanquished Creatures
  Rupert (D:15)
  Kirke (D:13)
  2 emperor scorpions
  A ghost moth (Spider:3)
  A reaper (Gauntlet)
  2 broodmothers (Spider:3)
  A caustic shrike skeleton (D:15)
  The ghost of Laennec the Blocker, a journeyman FoEE of Ru (Lair:4)
  2 entropy weavers
  2 dire elephants (Lair:6)
  A minotaur (Gauntlet)
  3 boulder beetles
  7 hydras
  2 centaur warriors (D:14)
  3 catoblepae
  A jorogumo (Spider:3)
  A radroach (Spider:1)
  7 two-headed ogres
  An ogre mage (Orc:1)
  12 death yaks
  A tengu warrior (D:15)
  Urug (Lair:1)
  2 orc high priests (Orc:2)
  2 fire crabs
  An iron troll (D:14)
  A skeletal warrior (D:15)
  4 pharaoh ants
  A shadow wraith (D:14)
  6 steelbarb worms
  A sun moth (Spider:4)
  9 orb spiders
  An obsidian statue (Volcano)
  A titan skeleton (D:15)
  2 lindwurms
  Pikel (D:5)
  A phantasmal warrior (D:15)
  An orc knight (Orc:2)
  9 wolf spiders
  A deep elf pyromancer (D:15)
  A sphinx zombie (D:15)
  A necromancer (D:15)
  An oklob plant (Lair:4)
  5 cyclopes
  3 manticores
  5 orc sorcerers
  6 ugly things
  2 merfolk sirens (Lair:3)
  A moth of wrath (Spider:4)
  4 elephants
  5 black mambas
  A cane toad (shapeshifter) (D:14)
  A torpor snail (shapeshifter) (D:15)
  4 gargoyles
  8 torpor snails
  18 komodo dragons
  18 cane toads
  An unseen horror (D:13)
  10 demonic crawlers
  A hellwing (Gauntlet)
  A tengu conjurer (D:15)
  An efreet (D:15)
  A guardian mummy (D:15)
  2 rime drakes (Lair:4)
  3 polar bears
  4 yaktaurs (D:15)
  7 trolls
  3 hornets
  22 tarantellas
  A hornet (shapeshifter) (D:10)
  2 merfolk (Lair:3)
  21 blink frogs
  Prince Ribbit (D:5)
  33 slime creatures
  8 jumping spiders
  4 dream sheep
  6 wraiths
  2 shadows
  An ettin skeleton (D:15)
  26 culicivoras
  A centaur simulacrum (Gauntlet)
  10 spriggans
  4 wyverns
  66 yaks
  5 vampires
  7 fire bats (Volcano)
  3 basilisks
  6 steam dragons
  42 redbacks
  8 vampire mosquitoes
  A harpy simulacrum (Gauntlet)
  18 water moccasins
  2 wargs
  4 acid dragons
  4 sky beasts
  2 black bears
  A hornet zombie (Ossuary)
  A meliai simulacrum (Gauntlet)
  18 orc warriors
  2 ice beasts
  8 ogres
  19 wolves
  3 lemures (D:5)
  14 centaurs
  3 kobold brigands
  10 bullfrogs
  4 wyvern zombies (Ossuary)
  5 gnoll sergeants
  3 necrophages
  2 water moccasin zombies (Ossuary)
  7 scorpions
  10 wights
  7 killer bees
  An electric eel (Spider:3)
  6 howler monkeys
  6 lava snakes (Volcano)
  2 centaur zombies (Ossuary)
  2 hounds
  4 bullfrog zombies (Ossuary)
  4 gnoll shamans
  16 orc priests
  An iguana (D:5)
  Natasha (thrice) (D:2)
  29 orc wizards
  4 killer bee zombies (Ossuary)
  21 mummies
  8 adders
  25 gnolls
  2 shadow imps (D:7)
  4 white imps (D:7)
  2 ufetubi
  4 worms
  3 dart slugs
  67 orcs
  3 bats (D:1)
  11 endoplasms
  18 giant cockroaches
  2 goblins
  9 hobgoblins
  4 jackals (D:5)
  16 kobolds
  7 quokkas
  12 ball pythons
  9 frilled lizards
  A goblin zombie (D:5)
  A kobold zombie (D:5)
  4 rats
  A bush (Lair:4)
955 creatures vanquished.

Vanquished Creatures (collateral kills)
  A stone giant (Volcano)
  3 two-headed ogres
  An orb spider (Spider:4)
  A wolf spider (Spider:4)
  An efreet (Volcano)
  2 spriggans (Bailey)
  A fire elemental (Volcano)
  A warg (Orc:1)
  An ogre (Orc:1)
  2 orc priests (Orc:1)
  3 orcs (Orc:1)
17 creatures vanquished.

Vanquished Creatures (others)
  16 fungi
  18 plants
  14 withered plants
48 creatures vanquished.

Grand Total: 1020 creatures vanquished

Notes
Turn   | Place    | Note
-------+----------+-------------------------------------------
     0 | D:1      | testman the Troll Berserker began the quest for the Orb.
     0 | D:1      | Reached XP level 1. HP: 22/22 MP: 0/0
   178 | D:1      | Reached skill level 3 in Maces & Flails
   194 | D:1      | Reached XP level 2. HP: 29/29 MP: 1/1
   421 | D:1      | Reached ** piety under Trog
   498 | D:1      | Reached XP level 3. HP: 32/37 MP: 2/2
   724 | D:2      | Noticed Natasha
   731 | D:2      | Killed Natasha
   871 | D:2      | Reached XP level 4. HP: 30/45 MP: 3/3
   907 | D:2      | Found a white marble altar of Elyvilon.
   913 | D:2      | Noticed Natasha
   921 | D:2      | Killed Natasha
  1185 | D:2      | Found Havam's Jewellery Shop.
  1223 | D:2      | Found the +4 robe of Augmentation {Str+4 Int+4 Dex+4}
  1293 | D:2      | Noticed Natasha
  1302 | D:2      | Killed Natasha
  1303 | D:2      | Reached skill level 4 in Maces & Flails
  1490 | D:3      | Reached XP level 5. HP: 54/54 MP: 4/4
  2047 | D:3      | Found a glowing silver altar of Zin.
  2097 | D:4      | Found a glowing drain.
  2122 | Sewer    | Entered a sewer
  2146 | Sewer    | Reached XP level 6. HP: 62/63 MP: 5/5
  2187 | Sewer    | Reached *** piety under Trog
  2434 | Sewer    | Reached skill level 5 in Maces & Flails
  2674 | D:4      | Noticed a sky beast
  2812 | D:4      | Reached skill level 5 in Fighting
  2812 | D:4      | Reached XP level 7. HP: 70/72 MP: 6/6
  2924 | D:4      | Found an opulent altar of Gozag.
  2978 | D:4      | Reached skill level 6 in Maces & Flails
  3260 | D:5      | Entered Level 5 of the Dungeon
  3313 | D:5      | Noticed Pikel
  3399 | D:5      | Killed Pikel
  3400 | D:5      | Reached skill level 7 in Maces & Flails
  3400 | D:5      | Reached XP level 8. HP: 48/84 MP: 7/7
  3402 | D:5      | Identified a scroll of acquirement
  3402 | D:5      | Acquired a scarf of repulsion
  3479 | D:5      | Found a blossoming altar of Fedhas.
  3527 | D:5      | Noticed Prince Ribbit
  3540 | D:5      | Killed Prince Ribbit
  3553 | D:5      | Found a sand-covered staircase.
  3562 | Ossuary  | Entered an ossuary
  3588 | Ossuary  | Reached skill level 8 in Maces & Flails
  3606 | Ossuary  | Reached **** piety under Trog
  3616 | Ossuary  | Reached XP level 9. HP: 74/93 MP: 8/8
  3997 | Ossuary  | Reached skill level 9 in Maces & Flails
  4273 | D:5      | Identified the +1 leather armour of the Shifting Gods
                  | {Rampage rCorr}
  4497 | D:6      | Found Doupex's Weapon Shop.
  4574 | D:6      | Found Drynilur's Desiderata Depot.
  4829 | D:6      | Found a hazy altar of Hepliaklqana.
  4841 | D:6      | Reached ***** piety under Trog
  4870 | D:6      | Reached XP level 10. HP: 107/107 MP: 9/9
  4904 | D:6      | Found the +3 woodcutter's axe {vorpal}
  5015 | D:6      | Found a staircase to the Ecumenical Temple.
  5175 | D:7      | Reached skill level 10 in Maces & Flails
  5277 | D:7      | Found a white marble altar of Elyvilon.
  5281 | D:7      | Found a radiant altar of Vehumet.
  5295 | D:7      | Found a stormy altar of Qazlal.
  5298 | D:7      | Found a broken altar of Ashenzari.
  5459 | D:7      | Found a runed translucent door.
  5485 | D:7      | Found a runed translucent door.
  5549 | D:7      | Found a sparkling altar of Nemelex Xobeh.
  5709 | D:7      | Identified the +2 leather armour "Ijuxaeveph" {Contam
                  | Regen+ Str+6}
  5750 | D:7      | Found a runed translucent door.
  5751 | D:7      | Noticed a cyan ugly thing
  5830 | D:7      | Found a runed translucent door.
  5831 | D:7      | Found a runed translucent door.
  5840 | D:7      | Killed a cyan ugly thing
  5856 | D:7      | Paralysed by a hornet for 1 turns
  5858 | D:7      | Paralysed by a hornet for 1 turns
  6007 | D:7      | Noticed a cyclops
  6015 | D:7      | Killed a cyclops
  6019 | D:7      | Noticed a cyclops
  6020 | D:7      | Reached skill level 10 in Fighting
  6039 | D:7      | Reached skill level 11 in Maces & Flails
  6043 | D:7      | Noticed a gargoyle
  6044 | D:7      | Killed a cyclops
  6045 | D:7      | Reached XP level 11. HP: 62/117 MP: 10/10
  6054 | D:7      | Identified the ring "Plog" {rPois rC+ Int+7}
  6395 | D:8      | Reached skill level 5 in Dodging
  6541 | D:8      | Reached skill level 1 in Throwing
  6616 | D:8      | Received a gift from Trog
  7627 | D:9      | Found a staircase to the Orcish Mines.
  7806 | D:9      | Found a staircase to the Lair.
  7976 | D:10     | Entered Level 10 of the Dungeon
  7976 | D:10     | Found a flagged portal.
  7989 | Bailey   | Entered a bailey
  8060 | Bailey   | Noticed a two-headed ogre
  8078 | Bailey   | Received a gift from Trog
  8080 | Bailey   | Killed a two-headed ogre
  8081 | Bailey   | Reached skill level 12 in Maces & Flails
  8123 | Bailey   | Identified the +6 mace "Woegh" {protect, rPois rN+ Str+7
                  | Dex-2}
  8598 | D:10     | Reached XP level 12. HP: 130/130 MP: 11/11
  8609 | D:10     | Reached skill level 5 in Throwing
  8826 | D:10     | Noticed a two-headed ogre
  8848 | D:10     | Killed a two-headed ogre
  9037 | D:10     | Found an ornate altar of the Wu Jian Council.
  9355 | D:11     | Found Jezo Mih's Book Shoppe.
  9408 | D:11     | Found Soagile's Jewellery Shop.
  9534 | D:11     | Found Adewosum's Book Emporium.
  9634 | D:11     | Found Zaph's General Store.
  9637 | D:11     | Bought a scroll of identify for 24 gold pieces
  9637 | D:11     | Bought a scroll of identify for 24 gold pieces
  9712 | D:12     | Noticed a six-headed hydra
  9717 | D:12     | Killed a six-headed hydra
 10330 | D:12     | Noticed a two-headed ogre
 10337 | D:12     | Killed a two-headed ogre
 10338 | D:12     | Reached skill level 13 in Maces & Flails
 10891 | D:13     | Noticed a six-headed hydra
 10895 | D:13     | Killed a six-headed hydra
 11010 | D:13     | Noticed Kirke
 11117 | Lair:1   | Entered Level 1 of the Lair of Beasts
 11142 | Lair:1   | Noticed Urug
 11156 | Lair:1   | Killed Urug
 11261 | Lair:1   | Found a gate leading to a gauntlet.
 11277 | Lair:1   | Reached XP level 13. HP: 98/140 MP: 12/12
 11289 | Gauntlet | Entered a Gauntlet
 11289 | Gauntlet | Found a transporter.
 11320 | Gauntlet | Found a transporter.
 11324 | Gauntlet | Found a transporter.
 11327 | Gauntlet | Found a transporter.
 11327 | Gauntlet | Found a transporter.
 11328 | Gauntlet | Found a transporter.
 11336 | Gauntlet | Found a transporter.
 11339 | Gauntlet | Found a transporter.
 11358 | Gauntlet | Found a transporter.
 11375 | Gauntlet | Found a transporter.
 11381 | Gauntlet | Noticed a reaper
 11387 | Gauntlet | Found a transporter.
 11407 | Gauntlet | Found a transporter.
 11541 | Gauntlet | Killed a reaper
 11721 | Gauntlet | Noticed a minotaur
 11728 | Gauntlet | Killed a minotaur
 11875 | Lair:1   | Upgraded the game from 0.29-a0-422-gafbd6decc1 to
                  | 0.29-a0-459-g97dee8cd24
 13394 | Lair:3   | Found a shimmering blue altar of Sif Muna.
 13575 | Lair:3   | Found a staircase to the Shoals.
 13665 | Lair:3   | Received a gift from Trog
 13816 | Lair:3   | Found a hole to the Spider Nest.
 13901 | Lair:3   | Reached skill level 14 in Maces & Flails
 14828 | Lair:4   | Reached ****** piety under Trog
 14872 | Lair:4   | Found a dark tunnel.
 14922 | Volcano  | Entered a volcano
 15088 | Volcano  | Noticed a stone giant
 15095 | Volcano  | Killed a stone giant
 15096 | Volcano  | Reached XP level 14. HP: 21/153 MP: 13/13
 15230 | Volcano  | Found a radiant altar of Vehumet.
 15632 | Lair:4   | Noticed Laennec's ghost (journeyman FoEE)
 15695 | Lair:4   | You fall into a shaft and drop 1 floor!
 15727 | Lair:4   | Found a transporter.
 15730 | Lair:4   | Found a transporter.
 16201 | Lair:4   | Killed Laennec's ghost
 16937 | Lair:5   | Reached skill level 10 in Throwing
 17549 | Lair:6   | Entered Level 6 of the Lair of Beasts
 17831 | Lair:6   | Identified the +6 giant club of the Middle {vorpal, Str+3
                  | Dex+3} (Trog gifted it to you on level 6 of the Lair of
                  | Beasts)
 17831 | Lair:6   | Received a gift from Trog
 17967 | Lair:6   | Found a staircase to the Slime Pits.
 18121 | Lair:6   | Reached skill level 15 in Maces & Flails
 18532 | Lair:6   | Reached XP level 15. HP: 147/163 MP: 14/14
 18535 | Lair:6   | Found the +3 Mad Mage's Maulers {Infuse+∞ RegenMP Int-3}
 18544 | Lair:6   | HP: 8/244 [manticore (22)]
 18663 | Lair:6   | Identified the +11 halberd of Ambiguity {venom, rElec
                  | rPois}
 18809 | Lair:6   | Received a gift from Trog
 19621 | Orc:1    | Entered Level 1 of the Orcish Mines
 19731 | Orc:1    | Found Qyeng's Specific Store.
 19735 | Orc:1    | Found Viryl's General Store.
 20207 | Orc:2    | Entered Level 2 of the Orcish Mines
 20290 | Orc:2    | Found Zeonawan's Antique Armour Boutique.
 20295 | Orc:2    | Found a staircase to the Elven Halls.
 20492 | Orc:2    | Received a gift from Trog
 20565 | Orc:2    | Found Emalofe's Book Shop.
 20565 | Orc:2    | Found Gahag's Armour Boutique.
 20579 | Orc:2    | Found Rofuph's Antique Weapon Boutique.
 20584 | Orc:2    | Found Opat's Jewellery Shop.
 21389 | Orc:1    | Bought a potion of experience for 800 gold pieces
 21389 | Orc:1    | Reached XP level 16. HP: 174/174 MP: 15/15
 21458 | D:11     | Bought the amulet of the Singing Gods {rElec rF+++ Regen+
                  | MP+9 Int-3} for 1282 gold pieces
 21846 | D:13     | Lost intelligence.
 21929 | D:13     | Killed Kirke
 21929 | D:13     | Received a gift from Trog
 22458 | D:14     | Reached skill level 16 in Maces & Flails
 23080 | D:14     | Found a gate to the Vaults.
 23186 | D:15     | Entered Level 15 of the Dungeon
 23238 | D:15     | Found a staircase to the Depths.
 23259 | D:15     | Noticed Rupert
 23273 | D:15     | Killed Rupert
 23643 | D:15     | Reached skill level 15 in Fighting
 24226 | Spider:1 | Entered Level 1 of the Spider Nest
 24259 | Spider:1 | Reached XP level 17. HP: 164/184 MP: 16/16
 24747 | Spider:1 | Received a gift from Trog
 26436 | Spider:3 | Reached skill level 10 in Dodging
 26647 | Spider:3 | Received a gift from Trog
 28101 | Spider:4 | Entered Level 4 of the Spider Nest
 28336 | Spider:4 | Found a runed translucent gate.
 28337 | Spider:4 | Found a runed translucent gate.
 28338 | Spider:4 | Found a runed translucent gate.
 28339 | Spider:4 | Noticed Xucunouha's ghost (adept DsIE)
 28532 | Spider:4 | HP: 5/184 [wolf spider (19)]
 28535 | Spider:4 | Reached skill level 17 in Maces & Flails
 28723 | Spider:4 | HP: 6/185 [ghost moth (11)]
 28723 | Spider:4 | Slain by a ghost moth

Illustrated notes

Levels and vault maps discovered:
D:1:      nzn_arrival_crosshair, layout_rooms, kennysheep_decorative_pillar,
          hangedman_decor_opposing, chequers_serial_rivers_small_b,
          minmay_tromino_v4_c
D:2:      layout_basic, basic_altar, serial_corexii_hall,
          corexii_hall_statues_t, corexii_hall_statues_t, serial_shops, shop,
          uniq_natasha
D:3:      layout_rooms, zin_statuary, corexii_leaking_fountain
D:4:      layout_rooms, mainiacjoe_overflow_brackets,
          cheibrodos_sewer_entry_sluice, chequers_serial_rivers_micro_b
D:5:      layout_rooms, mainiacjoe_overflow_cross_hatched,
          nicolae_ossuary_entry_giza, uniq_pikel, uniq_prince_ribbit1
D:6:      kennysheep_steamy, layout_cave_pools, mainiacjoe_overflow_chevrons,
          minmay_temple_entry_trees, grunt_decor_cap, nicolae_alphabet_shops,
          nicolae_stop_n_shop_1, pf_guarded_unrand_woodcutter
D:7:      minmay_the_grid_triangle_9x9_rhombus_full
          [minmay_the_grid_triangle_9x9_corrupted_corridor,
          minmay_the_grid_triangle_9x9_longest,
          minmay_the_grid_triangle_9x9_tough_junction,
          minmay_the_grid_triangle_9x9_semitri,
          minmay_the_grid_triangle_9x9_fully_insulated_deathbox,
          minmay_the_grid_triangle_9x9_shrine,
          minmay_the_grid_triangle_9x9_corruption,
          minmay_the_grid_triangle_9x9_prize_schism], layout_rooms,
          nemelex_spade_bored_becter, minitemple, minivault_11
D:8:      layout_basic
D:9:      kb_forest_paths, layout_irregular_city, orc_0_dummy
D:10:     nicolae_whirlpool, layout_loops_ring,
          mainiacjoe_overflow_small_starburst, enter_bailey_2,
          eino_tiny_chamber, kennysheep_small_circle
D:11:     layout_cave_pools, serial_shops, shop, nicolae_shop_statue_plus,
          kennysheep_mini_moat, shop, minmay_misc_feat_pillars,
          grunt_ministairs_15
D:12:     layout_basic
D:13:     layout_gridville, library_closet, grunt_decor_clamped,
          kennysheep_generic_room_11, uniq_kirke
D:14:     layout_irregular_city, david_vaults_4
D:15:     gammafunk_depths_entry_grave, layout_gridville, serial_park_tiny_pond,
          uniq_rupert
Lair:1:   layout_long_grid, gauntlet_entry_generic,
          eino_small_chamber_without_monster, infiniplex_staircase_pool_2,
          uniq_urug
Lair:2:   layout_cave_pods, chequers_serial_rivers_small_a
Lair:3:   layout_regular_city, elwin_shoals_entry_stream,
          nicolae_spider_entry_non_spiders, basic_altar,
          hangedman_lair_generics_rect, serial_bayou_shore_a
Lair:4:   layout_small_grid, nicolae_volcano_entry_vermiform, nzn_ghost_randoct,
          wad_woods_06
Lair:5:   layout_cave_pods, grunt_megastairs_4
Lair:6:   hangedman_lair_in_review, layout_small_grid, slime_dummy,
          chequers_serial_rivers_large_b
Spider:1: layout_cave_pods, hellmonk_test_site
Spider:2: layout_spider_delve
Spider:3: layout_chambers, nicolae_spider_circle_web, nicolae_spider_spiderdrome
Spider:4: guppyfry_spider_rune, gammafunk_ghost_tricky_traps,
          hellmonk_motheaten_closet
Orc:1:    layout_diamond_mine, nicolae_specific_store
Orc:2:    st_orc_mages, layout_caves, serial_shops, nicolae_shop_stone,
          bh_open_orc_temple

Skill      XL: |  1  2  3  4  5  6  7  8  9 10 11 12 13 14 15 16 17 |
---------------+----------------------------------------------------+-----
Maces & Flails | 3 4 5 7 8 9 11 12 13 14 15 16 17 | 17.0
Fighting       | 3 4 5 6 7 9 10 11 12 13 14 15 | 15.7
Dodging        | 4 5 6 7 8 9 10 | 10.5
Throwing       | 4 7 9 10 11 12 13 | 13.4

Action                   |  1- 3 |  4- 6 |  7- 9 | 10-12 | 13-15 | 16-18 || total
-------------------------+-------+-------+-------+-------+-------+-------++-------
Melee: Mace              |    94 |   252 |   134 |       |       |       ||   480
       Punch             |       |     2 |     7 |     3 |       |       ||    12
       Flail             |       |       |   235 |   276 |       |       ||   511
       Giant club        |       |       |       |   346 |   878 |   551 ||  1775
Throw: Large rock        |       |       |     6 |     6 |    30 |    81 ||   123
Invok: Berserk           |       |     1 |     4 |     4 |    11 |     5 ||    25
       Trog's Hand       |       |       |     1 |     1 |     7 |     8 ||    17
       Brothers in Arms  |       |       |       |     1 |     2 |     1 ||     4
Evoke: Wand              |       |       |       |       |     1 |       ||     1
  Use: Scroll            |       |       |    10 |    12 |     9 |     6 ||    37
       Potion            |       |       |       |     4 |     7 |    16 ||    27
 Stab: Sleeping          |       |     1 |     1 |       |       |     1 ||     3
       Distracted        |       |     1 |       |       |       |       ||     1
       Petrified         |       |       |       |       |     1 |     6 ||     7
       Petrifying        |       |       |       |       |     1 |       ||     1
Armor: Animal skin       |    33 |     7 |       |       |       |       ||    40
       Robe              |       |   128 |   176 |   147 |   169 |   217 ||   837
Dodge: Dodged            |    68 |   144 |   191 |   414 |   579 |   448 ||  1844
       Repelled          |       |       |     5 |     6 |    10 |     5 ||    26
Block: Other             |       |       |    21 |   136 |   181 |       ||   338
       Reflection        |       |       |     1 |     7 |     2 |       ||    10

Table legend: (Time is in decaauts)
 A = Elapsed time spent in this place.
 B = Non-inter-level travel time spent in this place.
 C = Inter-level travel time spent in this place.
 D = Time resting spent in this place.
 E = Time spent auto-exploring this place.
 F = Levels seen in this place.
 G = Mean time per level.
                   A        B        C        D        E       F      G
               +--------+--------+--------+--------+--------+-----+--------+
         Total |  29087 |  27124 |   1963 |   3862 |  16533 |  32 |  909.0 |
       Dungeon |  12887 |  11884 |   1003 |   1107 |   7944 |  15 |  859.1 |
          Lair |   7420 |   7023 |    397 |   1196 |   4434 |   6 | 1236.7 |
   Spider Nest |   4486 |   4237 |    249 |    891 |   2386 |   4 | 1121.5 |
  Orcish Mines |   1761 |   1448 |    313 |    133 |    929 |   2 |  880.5 |
         Sewer |    635 |    635 |      0 |      0 |    282 |   1 |  635.0 |
       Ossuary |    553 |    553 |      0 |    135 |    142 |   1 |  553.0 |
        Bailey |    252 |    252 |      0 |     50 |     68 |   1 |  252.0 |
       Volcano |    501 |    501 |      0 |    188 |     74 |   1 |  501.0 |
      Gauntlet |    589 |    589 |      0 |    160 |    271 |   1 |  589.0 |
               +--------+--------+--------+--------+--------+-----+--------+

Top non-repeatable levels by time:
Spider:3: 1703 daAuts
  Lair:6: 1587 daAuts
  Lair:5: 1580 daAuts
Spider:1: 1407 daAuts
  Lair:3: 1343 daAuts
     D:9: 1180 daAuts
     D:7: 1171 daAuts
    D:12: 1133 daAuts
  Lair:4: 1097 daAuts
    D:14: 1035 daAuts
    D:10: 1005 daAuts
  Lair:2: 1004 daAuts
   Orc:2: 945 daAuts
    D:13: 911 daAuts
    D:15: 851 daAuts
